 Dungeon Crawl Stone Soup version 0.26.1-11-gd32895ea62 (webtiles) character file.

Game seed: 5829076592039638959

37332 Elleran the Nimble (level 13, -1/90 HPs)
             Began as a Gnoll Arcane Marksman on May 3, 2021.
             Was the Champion of Okawaru.
             Slain by Snorg (25 damage)
             ... on level 4 of the Lair of Beasts.
             The game lasted 01:45:44 (27145 turns).

Elleran the Nimble (Gnoll Arcane Marksman)         Turns: 27145, Time: 01:45:45

Health: -1/90      AC: 18    Str: 24    XL:     13   Next: 96%
Magic:  26/26      EV: 18    Int: 16    God:    Okawaru [******]
Gold:   1233       SH:  0    Dex: 23    Spells: 21/30 levels left

rFire    + + +     SeeInvis +   b - +9 quick blade of Strategic Superiority {freeze, *Noise rPois rC- Dex+6}
rCold    . . .     Faith    +   (no shield)
rNeg     . . .     Spirit   .   M - +5 scale mail "Lidelad" {rF+ Str+2 Int+2}
rPois    +         Reflect  .   D - +0 hat of Efah {Dex+3 SInv}
rElec    .         Harm     .   (no cloak)
rCorr    +         Rampage  .   j - +2 pair of gloves {archery}
Will     +....     Clarity  +   K - +0 pair of boots {run}
Stlth    +++.......             A - amulet of faith
HPRegen  0.25/turn              s - ring "Pigheeha" {Wiz rF+ rC+ Dex-4}
MPRegen  0.20/turn              E - ring of Laaleren {rF++ rCorr Str+3 Int-2}

@: quick
A: distributed training, fangs 1, agile 1, blink, clarity, deterioration 1,
frail 1, strong-willed 1, strong 1, strong nose
a: Blink, Renounce Religion, Heroism, Finesse


You were on level 4 of the Lair of Beasts.
You worshipped Okawaru.
Okawaru was exalted by your worship.
You visited 3 branches of the dungeon, and saw 17 of its levels.
You also visited: Gauntlet.

You collected 1885 gold pieces.
You spent 652 gold pieces at shops.

Inventory:

Hand Weapons
 a - a +5 arbalest of chaos
 b - the +9 quick blade of Strategic Superiority (weapon) {freeze, *Noise rPois rC- Dex+6}
   (Okawaru gifted it to you on level 11 of the Dungeon)

   It has been specially enchanted to freeze those struck by it, causing extra
   injury to most foes and up to half again as much damage against particularly
   susceptible opponents.
   It can also slow down cold-blooded creatures.
   It affects your dexterity (+6).
   It makes you vulnerable to cold.
   It protects you from poison.
   It may make noises in combat.
 m - a +1 spear of flaming
 S - a +2 demon trident of electrocution
Missiles
 e - 61 bolts
 g - 45 poisoned darts
 r - 31 javelins (quivered)
 B - 10 throwing nets
 H - 2 datura-tipped darts
 W - 8 atropa-tipped darts
Armour
 j - a +2 pair of gloves of archery (worn)
 D - the +0 hat of Efah (worn) {Dex+3 SInv}
   (Okawaru gifted it to you on level 9 of the Dungeon)

   It affects your dexterity (+3).
   It lets you see invisible.
 K - a +0 pair of boots of running (worn)
 M - the +5 scale mail "Lidelad" (worn) {rF+ Str+2 Int+2}
   (You found it on level 11 of the Dungeon)

   It affects your strength (+2).
   It affects your intelligence (+2).
   It protects you from fire.
Jewellery
 l - an uncursed ring of willpower
 n - a +4 ring of protection
 s - the ring "Pigheeha" (left hand) {Wiz rF+ rC+ Dex-4}
   (You found it in a Gauntlet)

   [ring of wizardry]

   It improves your spell success rate.
   It affects your dexterity (-4).
   It protects you from fire.
   It protects you from cold.
 u - an uncursed ring of poison resistance
 A - an amulet of faith (around neck)
 E - the ring of Laaleren (right hand) {rF++ rCorr Str+3 Int-2}
   (You found it in a Gauntlet)

   [ring of resist corrosion]

   It affects your strength (+3).
   It affects your intelligence (-2).
   It greatly protects you from fire.
   It provides partial protection from all sources of acid and corrosion.
 F - an uncursed ring of protection from cold
Wands
 i - a wand of iceblast (25)
 C - a wand of random effects (102)
 N - a wand of acid (10)
 O - a wand of digging (4)
 P - a wand of polymorph (5)
 Q - a wand of flame (19)
Scrolls
 c - 4 scrolls of fear
 d - 10 scrolls of amnesia
 k - 10 scrolls of teleportation
 p - 2 scrolls of magic mapping
 w - 4 scrolls of blinking
 x - 5 scrolls of fog
 y - 8 scrolls of remove curse
 I - 3 scrolls of immolation
 L - 2 scrolls of vulnerability
 X - 2 scrolls of identify
Potions
 h - 3 potions of lignification
 o - 4 potions of curing
 q - a potion of heal wounds
 t - a potion of cancellation
 z - a potion of flight
 J - a potion of magic
 T - a potion of haste
 U - a potion of brilliance
 V - a potion of might
Miscellaneous
 v - a box of beasts
 G - a tin of tremorstones (2/2)


   Skills:
 + Level 9.2 Fighting
 + Level 8.7 Short Blades
 + Level 8.7 Long Blades
 + Level 8.7 Axes
 + Level 8.7 Maces & Flails
 + Level 8.7 Polearms
 + Level 8.7 Staves
 + Level 8.7 Slings
 + Level 8.7 Bows
 + Level 9.9 Crossbows
 + Level 8.7 Throwing
 + Level 8.7 Armour
 + Level 9.9 Dodging
 + Level 8.7 Stealth
 + Level 8.7 Shields
 + Level 8.7 Unarmed Combat
 + Level 9.2 Spellcasting
 + Level 7.3 Conjurations
 + Level 9.2 Hexes
 + Level 7.3 Summonings
 + Level 7.3 Necromancy
 + Level 7.3 Translocations
 + Level 7.3 Transmutations
 + Level 7.3 Fire Magic
 + Level 7.3 Ice Magic
 + Level 7.3 Air Magic
 + Level 7.3 Earth Magic
 + Level 7.3 Poison Magic
 + Level 9.5 Invocations
 + Level 8.7 Evocations


You had 21 spell levels left.
You knew the following spells:

 Your Spells              Type           Power        Failure   Level
a - Corona                Hex            40%          1%          1
t - Confusing Touch       Hex            36%          1%          3
u - Slow                  Hex            36%          1%          2
z - Portal Projectile     Hex/Tloc       66%          1%          3

Your spell library contained the following spells:

 Spells                   Type           Power        Failure   Level
 Beastly Appendage        Tmut           60%          1%          1
 Foxfire                  Conj/Fire      100%         1%          1
 Poisonous Vapours        Pois/Air       60%          1%          2
 Wereblood                Tmut           30%          1%          2
 Conjure Flame            Conj/Fire      30%          1%          3
 Gell's Gravitas          Tloc           15%          1%          3
 Inner Flame              Hex/Fire       33%          1%          3
 Mephitic Cloud           Conj/Pois/Air  30%          1%          3
 Spider Form              Tmut/Pois      15%          1%          3
 Cause Fear               Hex            18%          1%          4
 Leda's Liquefaction      Hex/Erth       16%          2%          4
 Ice Form                 Ice/Tmut       30%          4%          4
 Petrify                  Tmut/Erth      30%          4%          4
 Sticky Flame             Conj/Fire      30%          4%          4
 Metabolic Englaciation   Hex/Ice        16%          8%          5
 Yara's Violent Unravell  Hex/Tmut       16%          8%          5
 Blade Hands              Tmut           15%          12%         5
 Fireball                 Conj/Fire      15%          12%         5
 Freezing Cloud           Conj/Ice/Air   15%          52%         6
 Chain Lightning          Conj/Air       15%          100%        8
 Lehudib's Crystal Spear  Conj/Erth      15%          100%        8
 Absolute Zero            Ice            15%          100%        9
 Fire Storm               Conj/Fire      15%          100%        9


Dungeon Overview and Level Annotations

Branches:
Dungeon (11/15)            Temple (1/1) D:5            Lair (5/6) D:8
  Swamp (0/4) Lair:2       Spider (0/4) Lair:3          Orc (0/2) D:9
Gauntlet (visited)
  Slime: Lair:5-6

Altars:
Okawaru
Ru
The Shining One

Shops:
D:6 =   D:8 }   D:9 !   D:11 *

Annotations:
D:2 exclusion: downstairs
D:8 2 runed translucent doors
D:9 exclusion: downstairs
Lair:4 Snorg


Innate Abilities, Weirdness & Mutations

Your experience applies equally to all skills.
You have very sharp teeth.
Your uncanny sense of smell can sniff out nearby items.
You are agile. (Dex +2)
You can translocate small distances at will.
You possess an exceptional clarity of mind.
Your body sometimes deteriorates upon taking damage.
You are frail. (-10% HP)
You are strong-willed. (Will+)
Your muscles are strong. (Str +2)


Message History

Snorg bites you but does no damage. Snorg misses you.
Snorg completely misses you. Snorg bites you but does no damage.
Snorg completely misses you. Snorg closely misses you. Snorg bites you!
Snorg closely misses you. x2
Snorg bites you but does no damage. Snorg claws you but does no damage.
Snorg misses you.
You hit Snorg. You freeze Snorg.
Snorg is moderately wounded.
Snorg bites you!! Snorg misses you. Snorg barely misses you.
You puncture Snorg! You freeze Snorg. Your punch misses Snorg.
Snorg is heavily wounded.
You hit Snorg. You freeze Snorg. You bite Snorg.
Snorg is heavily wounded.
Snorg bites you. Snorg misses you. x2
Snorg bites you. Snorg closely misses you. Snorg completely misses you.
Snorg completely misses you. Snorg barely misses you. Snorg claws you.
* * * LOW HITPOINT WARNING * * *
Snorg bites you!!
You die...

##....##.....####..###..#.###....
####.##.......#.....##..##.......
##....#......##.........##.......
#......#.....##.....##..#........
..............#...^.#P..##.......
.'.....#............##...........
.#...........##..#####..#........
......##......##..##....#........
.##..'##........@T.........###.##
.##...#.............†...P.....#.#
............................>....
.#####..###..#.#.#...#.####P##...
## #..# ##########...# #######
#### #####


You could see Snorg (berserk).

Vanquished Creatures
  A minotaur (Gauntlet)
  Josephine (D:11)
  Erolcha (D:11)
  Harold (D:9)
  A boulder beetle (D:8)
  6 hydras
  A tengu warrior (D:7)
  Urug (Lair:2)
  An unseen horror (D:11)
  Pikel (D:8)
  2 ugly things
  A deep elf mage (D:8)
  A manticore (D:11)
  A shining eye (Gauntlet)
  A moth of wrath (Gauntlet)
  A cyclops (D:8)
  2 centaur zombies
  2 black mambas (Lair:4)
  An eye of devastation (Gauntlet)
  9 cane toads
  Psyche (D:10)
  A gargoyle (D:10)
  2 rime drakes
  4 komodo dragons
  3 trolls
  A jumping spider (Lair:3)
  10 blink frogs (Lair:4)
  Grinder (D:3)
  Prince Ribbit (D:9)
  A redback (Lair:3)
  23 yaks
  A shadow (D:8)
  A basilisk (Lair:4)
  3 wyverns
  6 wraiths (D:11)
  Grum (D:8)
  2 golden eyes (Gauntlet)
  Edmund (D:3)
  An acid dragon (D:8)
  9 water moccasins
  2 orc warriors (D:9)
  2 floating eyes (Gauntlet)
  4 black bears
  2 ice beasts
  A sky beast (D:9)
  8 ogres
  A necrophage (D:7)
  11 wolves
  An eye of draining (D:11)
  A phantom (D:8)
  5 centaurs
  4 lemures (D:8)
  Blork the orc (D:3)
  3 big kobolds
  4 gnoll sergeants (D:8)
  16 bullfrogs
  A wyvern skeleton (D:8)
  6 scorpions
  10 killer bees
  12 wights
  2 howler monkeys
  2 electric eels (Lair:2)
  A bullfrog zombie (D:6)
  A quasit (D:11)
  3 centaur skeletons
  14 orc priests
  3 gnoll shamans
  13 hounds
  4 jellies
  13 orc wizards
  3 bullfrog skeletons
  8 worker ants
  Natasha (thrice) (D:3)
  3 iguanas
  2 hound zombies
  A hound skeleton (D:8)
  A howler monkey zombie (D:9)
  Robin (D:4)
  26 gnolls
  A howler monkey skeleton (D:10)
  7 adders
  A shadow imp (D:7)
  A white imp (D:8)
  2 ufetubi
  2 adder skeletons
  5 worms
  6 leopard geckos
  57 orcs
  A ball python (D:2)
  8 giant cockroaches
  20 goblins
  15 hobgoblins
  6 jackals
  10 kobolds
  3 quokkas
  10 bats
  5 frilled lizards
  A quokka zombie (D:3)
  11 rats
480 creatures vanquished.

Vanquished Creatures (collateral kills)
  A jelly (D:9)
1 creature vanquished.

Vanquished Creatures (others)
  16 fungi
  32 plants
  A withered plant (D:3)
49 creatures vanquished.

Grand Total: 530 creatures vanquished

Notes
Turn   | Place    | Note
-------+----------+-------------------------------------------
     0 | D:1      | Elleran the Gnoll Arcane Marksman began the quest for the
                  | Orb.
     0 | D:1      | Reached XP level 1. HP: 17/17 MP: 4/4
   147 | D:1      | Reached XP level 2. HP: 23/23 MP: 5/5
   157 | D:1      | Learned a level 2 spell: Slow
   851 | D:1      | Reached XP level 3. HP: 20/28 MP: 1/7
  1280 | D:2      | Learned a level 3 spell: Portal Projectile
  1309 | D:2      | Found an iron altar of Okawaru.
  1314 | D:2      | Became a worshipper of Warmaster Okawaru
  1701 | D:2      | Reached skill level 1 in Invocations
  2388 | D:2      | Reached skill level 1 in Short Blades
  2388 | D:2      | Reached skill level 1 in Long Blades
  2388 | D:2      | Reached skill level 1 in Axes
  2388 | D:2      | Reached skill level 1 in Maces & Flails
  2388 | D:2      | Reached skill level 1 in Polearms
  2388 | D:2      | Reached skill level 1 in Staves
  2388 | D:2      | Reached skill level 1 in Slings
  2388 | D:2      | Reached skill level 1 in Bows
  2388 | D:2      | Reached skill level 1 in Throwing
  2388 | D:2      | Reached skill level 1 in Armour
  2388 | D:2      | Reached skill level 1 in Stealth
  2388 | D:2      | Reached skill level 1 in Shields
  2388 | D:2      | Reached skill level 1 in Unarmed Combat
  2388 | D:2      | Reached skill level 1 in Evocations
  2736 | D:3      | Reached XP level 4. HP: 34/34 MP: 8/8
  2826 | D:3      | Noticed Natasha
  2894 | D:3      | Killed Natasha
  2918 | D:3      | Reached skill level 1 in Conjurations
  2918 | D:3      | Reached skill level 1 in Summonings
  2918 | D:3      | Reached skill level 1 in Necromancy
  2918 | D:3      | Reached skill level 1 in Translocations
  2918 | D:3      | Reached skill level 1 in Transmutations
  2918 | D:3      | Reached skill level 1 in Fire Magic
  2918 | D:3      | Reached skill level 1 in Ice Magic
  2918 | D:3      | Reached skill level 1 in Air Magic
  2918 | D:3      | Reached skill level 1 in Earth Magic
  2918 | D:3      | Reached skill level 1 in Poison Magic
  2944 | D:3      | Noticed Natasha
  2950 | D:3      | Killed Natasha
  3164 | D:2      | Reached XP level 5. HP: 33/40 MP: 9/9
  4501 | D:3      | Noticed Natasha
  4509 | D:3      | Killed Natasha
  4510 | D:3      | Reached XP level 6. HP: 38/47 MP: 7/10
  4660 | D:3      | Reached * piety under Okawaru
  4733 | D:3      | Reached skill level 5 in Crossbows
  4733 | D:3      | Reached skill level 5 in Dodging
  4774 | D:3      | HP: 2/47 [poisoned by an orc priest]
  5417 | D:4      | Noticed Blork the orc
  5653 | D:4      | Noticed Grinder
  5718 | D:3      | Killed Blork the orc
  5719 | D:3      | Reached XP level 7. HP: 27/52 MP: 12/12
  5874 | D:4      | Noticed Edmund
  5912 | D:3      | Killed Edmund
  6149 | D:3      | Killed Grinder
  6259 | D:4      | Reached XP level 8. HP: 48/60 MP: 10/14
  6456 | D:4      | Noticed Robin
  6489 | D:4      | Killed Robin
  6882 | D:4      | Reached ** piety under Okawaru
  7296 | D:5      | Entered Level 5 of the Dungeon
  7712 | D:5      | Found a staircase to the Ecumenical Temple.
  9007 | Temple   | Entered the Ecumenical Temple
  9125 | D:6      | Reached XP level 9. HP: 50/66 MP: 11/16
  9272 | D:6      | Found Peb Qaco's Jewellery Emporium.
  9290 | D:6      | Bought a cursed amulet of inaccuracy for 26 gold pieces
  9775 | D:6      | Reached skill level 5 in Spellcasting
 10680 | D:6      | Reached *** piety under Okawaru
 10681 | D:6      | Reached skill level 5 in Fighting
 11755 | D:7      | Reached skill level 5 in Invocations
 12147 | D:7      | Found a sacrificial altar of Ru.
 12609 | D:8      | Found Qaeckypn's Gadget Boutique.
 12643 | D:8      | Bought a wand of flame (5) for 42 gold pieces
 12643 | D:8      | Bought a wand of acid (9) for 312 gold pieces
 12643 | D:8      | Bought a wand of paralysis (6) for 96 gold pieces
 12735 | D:8      | Reached **** piety under Okawaru
 12736 | D:8      | Reached XP level 10. HP: 59/74 MP: 18/18
 13126 | D:8      | Noticed Pikel
 13249 | D:8      | Killed Pikel
 13250 | D:8      | Reached skill level 5 in Short Blades
 13250 | D:8      | Reached skill level 5 in Long Blades
 13250 | D:8      | Reached skill level 5 in Axes
 13250 | D:8      | Reached skill level 5 in Maces & Flails
 13250 | D:8      | Reached skill level 5 in Polearms
 13250 | D:8      | Reached skill level 5 in Staves
 13250 | D:8      | Reached skill level 5 in Slings
 13250 | D:8      | Reached skill level 5 in Bows
 13250 | D:8      | Reached skill level 5 in Throwing
 13250 | D:8      | Reached skill level 5 in Armour
 13250 | D:8      | Reached skill level 5 in Stealth
 13250 | D:8      | Reached skill level 5 in Shields
 13250 | D:8      | Reached skill level 5 in Unarmed Combat
 13250 | D:8      | Reached skill level 5 in Evocations
 14208 | D:8      | Found a staircase to the Lair.
 14256 | D:8      | Found a runed translucent door.
 14256 | D:8      | Found a runed translucent door.
 14256 | D:8      | Noticed a six-headed hydra
 14258 | D:8      | Found a runed translucent door.
 14501 | D:8      | Noticed a white ugly thing
 14501 | D:8      | Noticed a deep elf mage
 14501 | D:8      | Noticed a tengu warrior
 14504 | D:8      | Noticed a cyclops
 14537 | D:7      | Killed a tengu warrior
 14537 | D:7      | Reached ***** piety under Okawaru
 14933 | D:8      | Killed a deep elf mage
 14940 | D:8      | Noticed a boulder beetle
 14953 | D:8      | Killed a boulder beetle
 14954 | D:8      | Reached XP level 11. HP: 22/83 MP: 20/20
 14971 | D:8      | Killed a cyclops
 15039 | D:8      | Killed a white ugly thing
 15039 | D:8      | Received a gift from Okawaru
 15040 | D:8      | Reached skill level 5 in Conjurations
 15040 | D:8      | Reached skill level 5 in Summonings
 15040 | D:8      | Reached skill level 5 in Necromancy
 15040 | D:8      | Reached skill level 5 in Translocations
 15040 | D:8      | Reached skill level 5 in Transmutations
 15040 | D:8      | Reached skill level 5 in Fire Magic
 15040 | D:8      | Reached skill level 5 in Ice Magic
 15040 | D:8      | Reached skill level 5 in Air Magic
 15040 | D:8      | Reached skill level 5 in Earth Magic
 15040 | D:8      | Reached skill level 5 in Poison Magic
 15441 | D:8      | Noticed Grum
 15445 | D:8      | Killed Grum
 15586 | D:10     | Entered Level 10 of the Dungeon
 15586 | D:10     | Noticed Psyche
 15757 | D:9      | Found a glowing golden altar of the Shining One.
 15789 | D:9      | Noticed Prince Ribbit
 15827 | D:9      | Killed Prince Ribbit
 16825 | D:9      | Found a staircase to the Orcish Mines.
 16888 | D:9      | You fall into a shaft and drop 1 floor!
 17026 | D:10     | Killed Psyche
 17142 | D:9      | Noticed Harold
 17187 | D:9      | Killed Harold
 17187 | D:9      | Reached ****** piety under Okawaru
 17502 | D:9      | Received a gift from Okawaru
 17511 | D:9      | Got a translucent hat {god gift}
 17524 | D:9      | Identified the +0 hat of Efah {Dex+3 SInv} (Okawaru gifted
                  | it to you on level 9 of the Dungeon)
 18248 | D:9      | Found Zajuongu's Distillery.
 18256 | D:9      | Bought a potion of magic for 128 gold pieces
 18256 | D:9      | Bought a potion of curing for 48 gold pieces
 18599 | D:11     | Found Hetef Voi's Assorted Antiques.
 18905 | D:11     | Noticed Erolcha
 18923 | D:11     | Killed Erolcha
 18924 | D:11     | Reached XP level 12. HP: 44/91 MP: 23/23
 18964 | D:11     | Found a gate leading to a gauntlet.
 18970 | Gauntlet | Entered a Gauntlet
 18970 | Gauntlet | Found a transporter.
 18970 | Gauntlet | Found a transporter.
 19223 | Gauntlet | Found a transporter.
 19223 | Gauntlet | Found a transporter.
 19226 | Gauntlet | Found a transporter.
 19238 | Gauntlet | Found a transporter.
 19302 | Gauntlet | Found a transporter.
 19312 | Gauntlet | Found a transporter.
 19327 | Gauntlet | Found a transporter.
 19347 | Gauntlet | Found a transporter.
 19352 | Gauntlet | Found a transporter.
 19358 | Gauntlet | Found a transporter.
 19473 | Gauntlet | HP: 3/136 [moth of wrath (12)]
 19479 | Gauntlet | HP: 8/204 [moth of wrath (6)]
 19838 | Gauntlet | Got a glittering copper ring
 19840 | Gauntlet | Identified the ring "Pigheeha" {Wiz rF+ rC+ Dex-4} (You
                  | found it in a Gauntlet)
 19984 | Gauntlet | Got a crude amber ring
 19990 | Gauntlet | Identified the ring of Laaleren {rF++ rCorr Str+3 Int-2}
                  | (You found it in a Gauntlet)
 20005 | Gauntlet | Learned a level 3 spell: Confusing Touch
 20163 | Gauntlet | Paralysed by a floating eye for 4 turns
 20172 | Gauntlet | Paralysed by a floating eye for 3 turns
 20177 | Gauntlet | Gained mutation: Your muscles are strong. (Str +2) [a
                  | shining eye]
 20179 | Gauntlet | Paralysed by a floating eye for 4 turns
 20182 | Gauntlet | Gained mutation: Your body sometimes deteriorates upon
                  | taking damage. [a shining eye]
 20185 | Gauntlet | Gained mutation: You are frail. (-10% HP) [a shining eye]
 20187 | Gauntlet | Gained mutation: Your body often deteriorates upon taking
                  | damage. [a shining eye]
 20195 | Gauntlet | Gained mutation: Scrolls take you a little longer to read.
                  | [a shining eye]
 20197 | Gauntlet | Gained mutation: You tend to lose your temper in combat. [a
                  | shining eye]
 20316 | Gauntlet | Identified a +0 pair of boots of running (You found it in a
                  | Gauntlet)
 20354 | Gauntlet | Noticed a minotaur
 20370 | Gauntlet | Killed a minotaur
 20575 | Gauntlet | Got a bloodstained kite shield
 20691 | D:11     | Identified the +4 kite shield of Curiosity {-Tele rC+
                  | Int+2} (You found it in a Gauntlet)
 20764 | D:11     | Got a shimmering scale mail
 20793 | D:11     | Identified the +5 scale mail "Lidelad" {rF+ Str+2 Int+2}
                  | (You found it on level 11 of the Dungeon)
 20948 | D:11     | Noticed Josephine
 21266 | D:11     | Killed Josephine
 21266 | D:11     | Received a gift from Okawaru
 21287 | D:11     | Got a smoking quick blade {god gift}
 21288 | D:11     | Identified the +9 quick blade of Strategic Superiority
                  | {freeze, *Noise rPois rC- Dex+6} (Okawaru gifted it to you
                  | on level 11 of the Dungeon)
 21651 | D:11     | Lost mutation: Your body often deteriorates upon taking
                  | damage. [potion of mutation]
 21651 | D:11     | Lost mutation: You tend to lose your temper in combat.
                  | [potion of mutation]
 21651 | D:11     | Lost mutation: Scrolls take you a little longer to read.
                  | [potion of mutation]
 21651 | D:11     | Gained mutation: You can translocate small distances at
                  | will. [potion of mutation]
 21651 | D:11     | Gained mutation: You are agile. (Dex +2) [potion of
                  | mutation]
 21651 | D:11     | Gained mutation: You possess an exceptional clarity of
                  | mind. [potion of mutation]
 21651 | D:11     | Gained mutation: You are strong-willed. (Will+) [potion of
                  | mutation]
 21713 | D:11     | Noticed an eight-headed hydra
 21714 | D:11     | Noticed a centaur warrior
 21731 | D:11     | Identified the +10 trident of Breach {freeze, rC+ Dex+5}
 21731 | D:11     | Identified the +6 hunting sling "Kihilu" {vorpal, rElec
                  | rC+}
 21732 | D:11     | Noticed a two-headed ogre
 21743 | D:11     | Noticed an eight-headed hydra
 22226 | Lair:1   | Entered Level 1 of the Lair of Beasts
 22329 | Lair:1   | Noticed a four-headed hydra
 22350 | Lair:1   | Killed a four-headed hydra
 22382 | Lair:1   | Noticed a five-headed hydra
 22402 | Lair:1   | Killed a five-headed hydra
 22402 | Lair:1   | Received a gift from Okawaru
 22584 | Lair:1   | Reached XP level 13. HP: 88/88 MP: 25/25
 23604 | Lair:2   | Noticed Urug
 23943 | Lair:2   | Killed Urug
 24072 | Lair:2   | Found a staircase to the Swamp.
 24115 | Lair:2   | Received a gift from Okawaru
 25250 | Lair:3   | Found a hole to the Spider Nest.
 26072 | Lair:4   | Identified a scroll of acquirement
 26072 | Lair:4   | Acquired 724 gold pieces
 26249 | Lair:4   | Noticed Snorg
 26717 | Lair:4   | Received a gift from Okawaru
 27145 | Lair:4   | Slain by Snorg

Illustrated notes

Levels and vault maps discovered:
D:1:      lemuel_arrival_tunnels, layout_basic, serial_glass, glass_columns_b,
          glass_columns_b, serial_bayou_lagoon_a
D:2:      layout_loops_corners, okawaru_ov_weapons_minmay
D:3:      layout_rooms, serial_undead, serial_undead_f, serial_undead_e,
          serial_undead_d, serial_undead_c, serial_undead_c, uniq_natasha
D:4:      layout_cave_pools, uniq_robin, uniq_blork_the_orc, uniq_grinder,
          uniq_edmund
D:5:      layout_basic, minmay_temple_entry_large_hall
D:6:      layout_basic, serial_shops, nicolae_shop_waterfront
D:7:      layout_basic, hangedman_ru_absence
D:8:      minmay_the_grid_triangle_9x9_rhombus_thin
          [minmay_the_grid_triangle_9x9_corrupted_corridor,
          minmay_the_grid_triangle_9x9_prize_schism,
          minmay_the_grid_triangle_9x9_fully_insulated_deathbox,
          minmay_the_grid_triangle_9x9_alien], layout_cave_pools,
          lair_entry_dummy, serial_gnoll_camp, grums_kennel,
          gnoll_camp_huts_basic, gnoll_camp_medium_01, gnoll_camp_mini_shop,
          lemuel_old_faithful, uniq_pikel
D:9:      layout_roguey, tso_altar, erik_orc_4, serial_shops,
          nicolae_shop_competitors_out_of_business, uniq_harold,
          uniq_prince_ribbit1
D:10:     layout_cave_pools, minivault_26, uniq_psyche
D:11:     layout_irregular_city, serial_shops, shop, gauntlet_entry_generic,
          hangedman_abyss_or_decor_passed, minivault_12, uniq_josephine,
          uniq_erolcha
Temple:   roderic_octagonal_lattice_temple
Lair:1:   layout_roguey
Lair:2:   layout_roguey, swamp_mist_pool, beast_lair_carwin_11,
          serial_bayou_shore_a, uniq_urug
Lair:3:   layout_chaotic_city, spider_nest_entry_a, lemuel_fruit_fields
Lair:4:   layout_regular_city, chequers_serial_rivers_micro_a,
          columned_hall_lemuel, minivault_24, uniq_snorg
Lair:5:   layout_regular_city, beast_lair_carwin_5, lemuel_fruit_tree

Skill      XL: |  1  2  3  4  5  6  7  8  9 10 11 12 13 |
---------------+----------------------------------------+-----
Invocations    | 1 2 3 4 5 6 7 8 9 |  9.5
Short Blades   | 1 2 3 4 5 6 7 8 |  8.7
Long Blades    | 1 2 3 4 5 6 7 8 |  8.7
Axes           | 1 2 3 4 5 6 7 8 |  8.7
Maces & Flails | 1 2 3 4 5 6 7 8 |  8.7
Polearms       | 1 2 3 4 5 6 7 8 |  8.7
Staves         | 1 2 3 4 5 6 7 8 |  8.7
Slings         | 1 2 3 4 5 6 7 8 |  8.7
Bows           | 1 2 3 4 5 6 7 8 |  8.7
Throwing       | 1 2 3 4 5 6 7 8 |  8.7
Armour         | 1 2 3 4 5 6 7 8 |  8.7
Stealth        | 1 2 3 4 5 6 7 8 |  8.7
Shields        | 1 2 3 4 5 6 7 8 |  8.7
Unarmed Combat | 1 2 3 4 5 6 7 8 |  8.7
Evocations     | 1 2 3 4 5 6 7 8 |  8.7
Spellcasting   | 3 4 5 6 7 8 9 |  9.2
Conjurations   | 1 2 3 4 5 6 7 |  7.3
Summonings     | 1 2 3 4 5 6 7 |  7.3
Necromancy     | 1 2 3 4 5 6 7 |  7.3
Translocations | 1 2 3 4 5 6 7 |  7.3
Transmutations | 1 2 3 4 5 6 7 |  7.3
Fire Magic     | 1 2 3 4 5 6 7 |  7.3
Ice Magic      | 1 2 3 4 5 6 7 |  7.3
Air Magic      | 1 2 3 4 5 6 7 |  7.3
Earth Magic    | 1 2 3 4 5 6 7 |  7.3
Poison Magic   | 1 2 3 4 5 6 7 |  7.3
Fighting       | 3 4 5 6 7 8 9 |  9.2
Crossbows      | 5 6 7 8 9 |  9.9
Dodging        | 5 6 7 8 9 |  9.9
Hexes          | 6 7 8 9 |  9.2

Action                   |  1- 3 |  4- 6 |  7- 9 | 10-12 | 13-15 || total
-------------------------+-------+-------+-------+-------+-------++-------
Melee: Spear             |   148 |       |       |    58 |       ||   206
       Hand crossbow     |     4 |       |       |       |       ||     4
       Bite              |    12 |     1 |    44 |   140 |    84 ||   281
       Short sword       |     9 |    18 |       |       |       ||    27
       Dagger            |       |     9 |   385 |   697 |       ||  1091
       Punch             |       |       |     8 |    37 |    28 ||    73
       Quick blade       |       |       |       |   134 |   383 ||   517
 Fire: Hand crossbow     |    53 |    58 |   169 |    92 |       ||   372
       Fustibalus        |       |    78 |    30 |       |       ||   108
       Shortbow          |       |       |     8 |       |       ||     8
       Arbalest          |       |       |       |    88 |       ||    88
Throw: Dart              |     8 |       |     8 |     6 |       ||    22
       Javelin           |       |       |       |       |    12 ||    12
 Cast: Slow              |    32 |    14 |    24 |     6 |     1 ||    77
Invok: Heroism           |       |       |       |     1 |       ||     1
       Finesse           |       |       |       |     1 |       ||     1
 Abil: Blink             |       |       |       |     1 |       ||     1
Evoke: Wand              |       |       |     2 |    40 |     4 ||    46
       Tin of tremorston |       |       |       |     2 |       ||     2
       Box of beasts     |       |       |       |     1 |       ||     1
  Use: Scroll            |     3 |     3 |     5 |    15 |     6 ||    32
       Potion            |       |     1 |     3 |    14 |       ||    18
 Stab: Sleeping          |       |       |     1 |     1 |     5 ||     7
       Paralysed         |       |       |     1 |     3 |       ||     4
       Distracted        |       |       |       |       |     1 ||     1
Armor: Ring mail         |    29 |    19 |    53 |       |       ||   101
       Scale mail        |       |       |    99 |    91 |    45 ||   235
       Plate armour      |       |       |       |   299 |       ||   299
       Skin              |       |       |       |    59 |       ||    59
Dodge: Dodged            |    81 |    49 |   305 |   414 |   132 ||   981
